 Dungeon Crawl Stone Soup version 0.23-a0-417-gf02c810 (webtiles) character file.

7 Amnesiac the Digger (level 1, -1/7 HPs)
             Began as a Felid Earth Elementalist on Nov 10, 2018.
             Slain by a leopard gecko (4 damage)
             ... on level 2 of the Dungeon.
             The game lasted 00:01:23 (380 turns).

Amnesiac the Digger (Felid Earth Elementalist)       Turns: 380, Time: 00:01:24

Health: -1/7       AC:  1    Str:  4    XL:     1   Next: 91%
Magic:  4/4        EV: 18    Int: 16    God:
Gold:   40         SH:  0    Dex: 16    Spells: 3/4 levels left
                                        Lives:  0   Deaths: 0

rFire    . . .     SeeInvis +   (weapon unavailable)
rCold    . . .     Gourm    .   (shield unavailable)
rNeg     . . .     Faith    .   (armour unavailable)
rPois    .         Spirit   .   (helmet unavailable)
rElec    .         Reflect  .   (cloak unavailable)
rCorr    .         Harm     .   (gloves unavailable)
MR       .....                  (boots unavailable)
Stlth    +++.......             (no amulet)
HPRegen  0.02/turn              (no ring)
MPRegen  0.09/turn              (no ring)

@: quick
A: very small, no armour, no weapons or thrown items, stealth, claws 1, fangs 3,
see invisible, carnivore, speed 1, shaggy fur 1, slow metabolism 1, sharp paws
a: no special abilities


You were on level 2 of the Dungeon.
You were completely stuffed.

You visited 1 branch of the dungeon, and saw 2 of its levels.

You collected 40 gold pieces.

Inventory:

Missiles
 b - 30 stones
Jewellery
 a - an uncursed ring of flight {unknown}
Scrolls
 d - a scroll of random uselessness {!r, unknown}
Comestibles
 c - a ration


   Skills:
 - Level 2.6 Dodging
 - Level 2.6 Stealth
 + Level 2.2 Spellcasting
   Level 1.1 Transmutations
 * Level 3.0 Earth Magic


You had 3 spell levels left.
You knew the following spells:

 Your Spells              Type           Power        Failure   Level  Hunger
a - Sandblast             Erth           ##....       6%          1    #......

Your spell library contained the following spells:

 Spells                   Type           Power        Failure   Level  Hunger
 Passwall                 Tmut/Erth      #.......     13%         2    ###....
 Stone Arrow              Conj/Erth      #.....       32%         3    ###....
 Petrify                  Tmut/Erth      #.......     65%         4    #####..
 Lee's Rapid Deconstruct  Erth           ##........   85%         5    ######.


Dungeon Overview and Level Annotations

Branches:
Dungeon (2/15)

Altars:


Innate Abilities, Weirdness & Mutations

You cannot wear armour.
You are incapable of wielding weapons or throwing items.
Your paws allow you to move quietly. (Stealth)
You have sharp claws.
You have razor-sharp teeth.
You have supernaturally acute eyesight. (SInv)
You are carnivorous and can eat meat at any time.
You cover ground quickly.
You are covered in fur. (AC +1)
You have a slow metabolism.
Your sharp claws are effective at attacking unaware monsters.


Message History

Found 2 gold pieces.
There is a stone staircase leading down here.
You climb downwards.
There is a stone staircase leading up here.
You start resting.
HP restored.
A bat comes into view.
Found a scroll labeled VIUTAL USAIM.
Found an escape hatch in the ceiling.
The bat hits you.
Found a jade ring and a scroll labeled HAEKHIUTTE.
You closely miss the bat. The bat closely misses you.
The bat completely misses you.
You closely miss the bat. You bite the bat.
The bat is heavily wounded.
The bat closely misses you. The bat hits you. The bat completely misses you.
The bat hits you but does no damage. The bat closely misses you.
The bat hits you but does no damage. The bat hits you but does no damage.
You scratch the bat but do no damage. The bat hits you.
The bat barely misses you. x2
You scratch the bat.
The bat is heavily wounded.
The bat barely misses you. The bat hits you.
* * * LOW HITPOINT WARNING * * *
The bat misses you.
You scratch the bat but do no damage.
The bat is heavily wounded.
The bat completely misses you. The bat misses you.
You completely miss the bat.
The bat is heavily wounded.
The bat misses you. The bat closely misses you. The bat closely misses you.
The bat completely misses you. The bat barely misses you.
The bat closely misses you.
You scratch the bat but do no damage.
The bat is heavily wounded.
The bat barely misses you.
You scratch the bat.
You kill the bat!
No target in view!
No target in view!
No target in view!
You see here a bat corpse.
You butcher the bat corpse.
a - a chunk of flesh You see here a bat skeleton.
Eating a chunk of flesh.
You eat the chunk of flesh.
This raw flesh tastes great.
a - a jade ring
d - a scroll labeled HAEKHIUTTE {!r} A leopard gecko comes into view.
The leopard gecko hisses angrily.
Things that are here:
a scroll labeled VIUTAL USAIM {!r}; a shield You barely miss the leopard gecko.
The leopard gecko closely misses you.
You miss the leopard gecko. The leopard gecko bites you.
Ouch! That really hurt!
You die...

#. #.# #... .. ...
... #. #.# #..###.
#.# # #.. ....#.#
###. #.####.##<# .#
.....##........<#..<#
....................#
#@.#....#.##..##
..#.##l.##...#.# ...#
........##.#.#.# .#.#
..#.###.##.#.#.###.#
# # #............# #
#.##...#.#.#.#.#.
####...รท..........
...............#.##
#####.........##


You could see a leopard gecko.

Vanquished Creatures
  A bat (D:2)
  A giant cockroach (D:1)
  A hobgoblin (D:1)
  2 kobolds (D:1)
  3 rats (D:1)
8 creatures vanquished.

Notes
Turn   | Place    | Note
-------+----------+-------------------------------------------
     0 | D:1      | Amnesiac the Felid Earth Elementalist began the quest for
                  | the Orb.
     0 | D:1      | Reached XP level 1. HP: 7/7 MP: 4/4
   249 | D:1      | Reached skill level 3 in Earth Magic
   380 | D:2      | Slain by a leopard gecko

Vault maps used:
D:1:      dpeg_arrival_shelter
D:2:      minmay_wonky_spiral, lemuel_zombie_altar_yredelemnul,
          lemuel_coloured_pillars_altar

Skill      XL: |  1 |
---------------+----+-----
Earth Magic    | 3 |  3.0
Dodging        | |  2.6
Stealth        | |  2.6
Spellcasting   | |  2.2
Transmutations | |  1.1

Action                   || total
-------------------------++-------
Melee: Unarmed           ||    26
       Bite              ||     1
 Cast: Sandblast         ||     7
  Eat: Chunk             ||     6
Armor: Skin              ||     3
Dodge: Dodged            ||    34

Table legend:
 A = Non-vault XP
 B = Vault XP
 C = Vault XP percentage of total XP
 D = Non-vault monster count
 E = Vault monster count
 F = Vault count percentage of total count
                 A         B        C        D         E       F
            +---------+---------+-------+---------+---------+-------
      Total |      11 |       0 |   0.0 |       8 |       0 |   0.0
            +---------+---------+-------+---------+---------+-------
        D:1 |       9 |       0 |   0.0 |       7 |       0 |   0.0
        D:2 |       2 |       0 |   0.0 |       1 |       0 |   0.0
            +---------+---------+-------+---------+---------+-------
